 Dungeon Crawl Stone Soup version 0.27-a0-1228-gfd60fd639a (webtiles) character file.

Game seed: 9313730765919905691

1350 dickylongcocking the Skirmisher (level 8, -7/62 HPs)
             Began as a Djinni Venom Mage on June 7, 2021.
             Killed from afar by a white imp (19 damage)
             ... with a puff of frost
             ... on level 5 of the Dungeon.
             The game lasted 00:06:32 (7815 turns).

dickylongcocking the Skirmisher (Djinni Venom Mage) Turns: 7815, Time: 00:06:32

Health: -7/62      AC:  3    Str:  7    XL:     8   Next: 94%
Gold:   132        EV: 12    Int: 24    God:
                   SH:  0    Dex: 15

rFire    + + .     SeeInvis .   x - +1 dagger of Kismet {protect, Int+6}
rCold    x . .     Faith    .   (no shield)
rNeg     . . .     Spirit   .   a - +0 robe
rPois    ∞         Reflect  .   (no helmet)
rElec    .         Harm     .   d - +0 cloak
rCorr    .         Rampage  .   (no gloves)
Will     .....                  (boots unavailable)
Stlth    ++........             (no amulet)
HPRegen  0.20/turn              (no ring)
MPRegen  0.00/turn              (no ring)

@: flying
A: sickness immunity, fire resistance 2, cold vulnerability 1, float, innate
caster, hp casting, extra vitality 1
a: no special abilities


You were on level 5 of the Dungeon.
You visited 1 branch of the dungeon, and saw 5 of its levels.
You also visited: Ossuary.

You collected 192 gold pieces.
You spent 60 gold pieces at shops.

Inventory:

Hand Weapons
 e - a +4 flail
 r - a +2 antimagic dagger
 x - the +1 dagger of Kismet (weapon) {protect, Int+6}
   (You found it on level 5 of the Dungeon)

   It grants its wielder temporary protection when it strikes (+7 to AC).
   It affects your intelligence (+6).
Missiles
 j - 8 atropa-tipped darts
Armour
 a - a +0 robe (worn)
 d - a +0 cloak (worn)
Magical Staves
 b - a staff of death
Wands
 c - a wand of iceblast (9)
Scrolls
 f - 3 scrolls of amnesia
 g - a scroll of fear
 i - 3 scrolls of enchant armour
 k - a scroll of immolation {unknown}
 n - 2 scrolls of teleportation
 p - a scroll of brand weapon
 w - 3 scrolls of magic mapping
Potions
 h - 2 potions of brilliance {unknown}
 l - a potion of cancellation {unknown}
 m - 4 potions of curing {unknown}
 o - 2 potions of resistance {unknown}
 q - 2 potions of ambrosia {unknown}
 s - 2 potions of degeneration {unknown}
 t - 2 potions of attraction {unknown}
 u - 2 potions of might {unknown}
 v - a potion of mutation {unknown}
 z - 3 potions of haste {unknown}


   Skills:
 * Level 6.9 Fighting
 - Level 2.2 Dodging
 - Level 1.6 Stealth
 * Level 6.0 Spellcasting
 - Level 1.3 Evocations


You couldn't memorise any spells.
You knew the following spells:

 Your Spells              Type           Power      Damage    Failure   Level
a - Sting                 Tmut/Pois      100%       1d8       1%          1
b - Call Imp              Summ           36%        N/A       1%          2
c - Dazzling Flash        Conj/Hex       72%        N/A       1%          3
d - Olgreb's Toxic Radia  Pois           36%        N/A       7%          4
f - Animate Skeleton      Necr           72%        N/A       1%          1
i - Ignite Poison         Fire/Tmut/Pois 36%        N/A       1%          3
p - Poisonous Vapours     Pois/Air       72%        N/A       1%          2
x - Mephitic Cloud        Conj/Pois/Air  36%        N/A       1%          3
Your spell library was empty.

Dungeon Overview and Level Annotations

Branches:
Dungeon (4/15)            Ossuary (visited)
 Temple: D:4-7

Altars:

Shops:
D:3 =   D:5 ?


Innate Abilities, Weirdness & Mutations

You are immune to sickness and miasma.
You are immune to poison.
Your flesh is very heat resistant. (rF++)
You are vulnerable to cold. (rC-)
You float through the air rather than walking.
You learn spells naturally, not from books.
Your magical power is your life essence.
You have superior vitality. (+4 HP)


Message History

The puff of frost hits you!
You feel a terrible chill!
Casting: Ignite Poison (safe; 1% risk of failure)
Confirm with . or Enter, or press ? or * to list all spells.
Aiming: Sting (safe; 1% risk of failure)
Press: ? - help, Shift-Dir - straight line, f - white imp
Aim: a white imp (78% to hit)
The sting hits the white imp.
The white imp partially resists.
The white imp is moderately wounded.
An adder comes into view.
Unknown command.
Casting: Sting (safe; 1% risk of failure)
Confirm with . or Enter, or press ? or * to list all spells.
You can't see any susceptible monsters within range! (Use Z to cast anyway.) Unknown command.
Unknown command.
Casting: Sting (safe; 1% risk of failure)
Confirm with . or Enter, or press ? or * to list all spells.
You begin to radiate toxic energy.
The adder hisses angrily.
The adder is poisoned.
The ogre is poisoned.
The white imp hits you. The white imp freezes you.
You feel a terrible chill!
Unknown command.
Casting: Olgreb's Toxic Radiance (dangerous; 7% risk of failure)
Confirm with . or Enter, or press ? or * to list all spells.
You ignite the poison in your surroundings!
The ogre seems to burn from within!
The ogre is severely wounded.
The adder seems to burn from within!
You kill the adder!
The ogre is poisoned.
Your toxic aura wanes.
The white imp hits you. The white imp freezes you.
You feel a terrible chill!
Unknown command.
Unknown command.
The white imp gestures at you. The puff of frost hits you!
You feel a terrible chill!
* * * LOW HITPOINT WARNING * * *
The white imp gestures at you. The puff of frost hits you!!
You feel a terrible chill!
You die...

# .# #. # #.## ..# ## .#. # .....
..##... ..#### # .....####
........ #...# #####
#.....O.##..##.#..##...### ....#
#.....5................... ###.#
##..##.Y......# #.......# # #.#
..†....Z....### #.......# # #.#
....#####@#.####.###...### # #.#
## #.........#.......# #.##
#...#######.#..##.# #..# #...#
#.#.###.# ##.#
#...#######....##.# #.#
######.....<...#....##.#
####.#####.....(........#.>..##.#
.................................
#..##.####.<............###..####


You could see an ice beast, an ogre (poisoned), a white imp and a hound zombie.

Vanquished Creatures
  Eustachio (D:4)
  A hornet zombie (D:4)
  An ogre (D:5)
  8 scorpions (Ossuary)
  A water moccasin skeleton (D:5)
  2 centaur zombies (Ossuary)
  A human zombie (Ossuary)
  A centaur skeleton (D:4)
  4 scorpion zombies (Ossuary)
  An orc wizard (D:4)
  A hound zombie (D:5)
  3 mummies (Ossuary)
  5 gnolls
  4 adders
  An ufetubus (D:4)
  A worm (D:4)
  9 orcs
  5 endoplasms
  6 giant cockroaches
  2 gnoll zombies (Ossuary)
  8 hobgoblins
  10 jackals
  6 kobolds
  5 quokkas
  9 ball pythons
  4 bats
  2 frilled lizards (D:1)
  3 goblins
  A goblin zombie (Ossuary)
  A hobgoblin zombie (Ossuary)
  A kobold zombie (Ossuary)
  3 orc zombies (Ossuary)
  4 rats
115 creatures vanquished.

Vanquished Creatures (collateral kills)
  A necrophage (D:4)
1 creature vanquished.

Vanquished Creatures (others)
  A scorpion (Ossuary)
1 creature vanquished.

Grand Total: 117 creatures vanquished

Notes
Turn   | Place    | Note
-------+----------+-------------------------------------------
     0 | D:1      | dickylongcocking the Djinni Venom Mage began the quest for
                  | the Orb.
     0 | D:1      | Reached XP level 1. HP: 15/15 MP: 0/0
   374 | D:1      | Reached skill level 1 in Evocations
   374 | D:1      | Reached XP level 2. HP: 5/21 MP: 0/0
  1548 | D:1      | Reached skill level 1 in Fighting
  1548 | D:1      | Reached XP level 3. HP: 11/27 MP: 0/0
  1548 | D:1      | Learned a level 1 spell: Animate Skeleton
  2035 | D:1      | Found a faded altar of an unknown god.
  2449 | D:2      | Reached XP level 4. HP: 32/32 MP: 0/0
  3826 | D:3      | Found Beneygy's Jewellery Shop.
  4519 | D:3      | Reached XP level 5. HP: 39/39 MP: 0/0
  4519 | D:3      | Learned a level 2 spell: Call Imp
  4676 | D:4      | Noticed a necrophage
  4696 | D:4      | Killed a necrophage
  4957 | D:4      | Noticed Eustachio
  4980 | D:4      | Killed Eustachio
  4981 | D:4      | Reached XP level 6. HP: 33/47 MP: 0/0
  5212 | D:4      | Reached XP level 7. HP: 23/53 MP: 0/0
  5212 | D:4      | Learned a level 3 spell: Dazzling Flash
  5234 | D:4      | Found a sand-covered staircase.
  5385 | Ossuary  | Entered an ossuary
  5784 | Ossuary  | Reached skill level 5 in Fighting
  5982 | Ossuary  | Reached skill level 5 in Spellcasting
  5982 | Ossuary  | Reached XP level 8. HP: 23/60 MP: 0/0
  7009 | D:4      | You are sucked into a shaft and drop 1 floor!
  7009 | D:5      | Entered Level 5 of the Dungeon
  7063 | D:5      | Identified the +1 dagger of Kismet {protect, Int+6}
  7235 | D:5      | Found Zycsuc's Magic Scroll Shoppe.
  7248 | D:5      | Bought 2 scrolls of identify for 40 gold pieces
  7254 | D:5      | Bought a scroll of identify for 20 gold pieces
  7815 | D:5      | Killed from afar by a white imp

Illustrated notes

Levels and vault maps discovered:
D:1:      lightli_arrival_chessboard, layout_basic,
          ebering_ecumenical_altar_hall
D:2:      layout_loops_ring
D:3:      layout_basic, serial_shops, shop, chequers_decorated_corner
D:4:      layout_gridville, nicolae_ossuary_entry_plus, hex_medium,
          uniq_eustachio
D:5:      layout_loops_cross, serial_shops, shop

Skill      XL: |  1  2  3  4  5  6  7  8 |
---------------+-------------------------+-----
Evocations     | 1 |  1.3
Fighting       | 1 2 4 5 6 |  6.9
Spellcasting   | 3 4 5 6 |  6.0
Dodging        | |  2.2
Stealth        | |  1.6

Action                   |  1- 3 |  4- 6 |  7- 9 || total
-------------------------+-------+-------+-------++-------
Melee: Staff             |    39 |       |       ||    39
       Flail             |    31 |    90 |    67 ||   188
       Dagger            |       |     8 |    38 ||    46
 Cast: Sting             |    22 |     6 |     7 ||    35
       Olgreb's Toxic Ra |       |     4 |     8 ||    12
       Poisonous Vapours |       |     2 |       ||     2
       Ignite Poison     |       |     5 |    21 ||    26
       Call Imp          |       |     3 |       ||     3
       Mephitic Cloud    |       |     2 |    11 ||    13
  Use: Potion            |       |     3 |     1 ||     4
       Scroll            |       |       |     7 ||     7
 Stab: Sleeping          |     4 |     1 |     1 ||     6
       Confused          |       |       |     1 ||     1
Armor: Robe              |    16 |    41 |    51 ||   108
Dodge: Dodged            |    60 |    92 |   104 ||   256

Table legend: (Time is in decaauts)
 A = Elapsed time spent in this place.
 B = Non-inter-level travel time spent in this place.
 C = Inter-level travel time spent in this place.
 D = Time resting spent in this place.
 E = Time spent auto-exploring this place.
 F = Levels seen in this place.
 G = Mean time per level.
                   A        B        C        D        E       F      G
               +--------+--------+--------+--------+--------+-----+--------+
         Total |   7894 |   7825 |     69 |   2081 |   4730 |   6 | 1315.7 |
       Dungeon |   6338 |   6269 |     69 |   1227 |   4273 |   5 | 1267.6 |
       Ossuary |   1556 |   1556 |      0 |    854 |    457 |   1 | 1556.0 |
               +--------+--------+--------+--------+--------+-----+--------+

Top non-repeatable levels by time:
     D:1: 2397 daAuts
 Ossuary: 1556 daAuts
     D:2: 1321 daAuts
     D:3: 1005 daAuts
     D:5: 807 daAuts
     D:4: 806 daAuts
